 Dungeon Crawl Stone Soup version 0.32-a0-900-g30fb1b0edc (webtiles) character file.

Game seed: 15064146365286904673

217 spaghetti the Trooper (level 5, 0/50 HPs)
             Began as a Naga Chaos Knight on Apr 5, 2024.
             Was a Plaything of Xom.
             Slain by a gnoll
             ... wielding a +0 spear
              (8 damage)
             ... on level 4 of the Dungeon.
             The game lasted 00:04:58 (2532 turns).

spaghetti the Trooper (Naga Chaos Knight)           Turns: 2532, Time: 00:04:58

Health: 0/50       AC:  6    Str: 15 (16) XL:     5   Next: 94%
Magic:  3/5        EV:  8    Int: 15      God:    Xom [..*...]
Gold:   141        SH:  0    Dex: 13      Spells: 2/4 levels left

rFire   x x .        p - +6 mace "Cutom" {flame, rPois rF- Str+2 Dex+3}
rCold   . . .        (no shield)
rNeg    . . .        b - +2 leather armour
rPois   +            (no helmet)
rElec   .            (no cloak)
rCorr   .            q - +0 pair of gloves
SInv    +            (no barding)
Will    .....        (no amulet)
Stlth   +            (no ring)
HPRegen 0.28/turn    (no ring)
MPRegen 0.09/turn

%: no passive effects
@: weak-willed, jinxed, very slow
A: AC +1, large, see invisible, deformed body, poison resistance, slowness 2,
spit poison 1, naga tail 1, deterioration 1, screaming 1, heat vulnerability 1
a: Spit Poison, Renounce Religion


You were on level 4 of the Dungeon.
You worshipped Xom.
You were a toy of Xom.
You visited 1 branch of the dungeon, and saw 4 of its levels.

You collected 141 gold pieces.

Inventory:

Hand Weapons
 a - a +0 spear of chaos
 p - the +6 mace "Cutom" (weapon) {flame, rPois rF- Str+2 Dex+3}
   (Xom gifted it to you on level 2 of the Dungeon)

   Str+2:     It affects your strength (+2).
   Dex+3:     It affects your dexterity (+3).
   rF-:       It makes you vulnerable to fire.
   rPois:     It protects you from poison.
Missiles
 n - 9 poisoned darts
 o - 22 stones
Armour
 b - a +2 leather armour (worn)
 h - a +0 ring mail
 k - a +0 kite shield
 q - a +0 pair of gloves (worn)
Magical Staves
 l - a staff of earth
Wands
 t - a wand of flame (14)
Scrolls
 d - 2 scrolls of enchant weapon
 i - a scroll of vulnerability
 j - a scroll of enchant armour
 m - a scroll of revelation
Potions
 e - a potion of curing


   Skills:
 - Level 3.8 Fighting
 - Level 3.0 Polearms
 - Level 3.4 Throwing
 - Level 1.5 Armour
 - Level 0.7 Dodging
 + Level 2.8 Hexes


You had 2 spell levels left.
You knew the following spells:

 Your Spells              Type           Power      Damage    Failure   Level
a - Jinxbite              Hex            16%        N/A       16%         2

Your spell library contained the following spells:

 Spells                   Type           Power      Damage    Failure   Level
 Lesser Beckoning         Tloc           0%         N/A       45%         2
 Maxwell's Portable Pile  Tloc           0%         2d(5-13)  69%         3
 Teleport Other           Tloc           0%         N/A       69%         3
 Yara's Violent Unravell  Hex/Alch       2%         3d3       99%         5
 Conjure Ball Lightning   Conj/Air       0%         3x3d6     100%        6
 Enfeeble                 Hex            4%         N/A       100%        7
 Discord                  Hex            4%         N/A       100%        8
 Disjunction              Tloc           0%         N/A       100%        8


Dungeon Overview and Level Annotations

Branches:
Dungeon (4/15)
 Temple: D:4-7

Altars:
Elyvilon
Fedhas
Hepliaklqana
Wu Jian


Innate Abilities, Weirdness & Mutations

Your serpentine skin is tough. (AC +1)
You have supernaturally acute eyesight. (SInv)
Armour fits poorly on your strangely shaped body.
Your system is resistant to poisons. (rPois)
You cover ground very slowly.
You can spit poison.
You have a snake-like lower body.
Your body sometimes deteriorates upon taking damage.
You occasionally shout uncontrollably at your foes.
You are vulnerable to heat. (rF-)


Message History

An endoplasm is nearby!
An endoplasm is nearby!
You thump the endoplasm! You burn the endoplasm.
You kill the endoplasm!
You feel a bit more experienced.
You start resting.
A gnoll opens the door.
It is wielding a +0 flail.
You close the door.
A gnoll opens the door.
Okay, then.
Okay, then.
Casting: Jinxbite (safe; 19% risk of failure)
Confirm with . or Enter, or press ? or * to list all spells.
You beckon some vexing sprites to accompany your attacks.
You feel your willpower being sapped.
The gnoll shouts! x3
You hit the gnoll. You burn the gnoll.
The gnoll is heavily wounded.
The gnoll barely misses you. The gnoll hits you with a +0 flail.
The gnoll hits you from afar with a +0 spear.
Unknown command.
You sock the gnoll! You burn the gnoll.
You kill the gnoll!
The gnoll hits you but does no damage. The gnoll closely misses you.
The gnoll hits you with a +0 spear.
* * * LOW HITPOINT WARNING * * *
The gnoll hits you with a +0 whip.
* * * LOW HITPOINT WARNING * * *
The gnoll barely misses you. The gnoll misses you.
There is an open door, spattered with blood here.
You see here a +0 flail.
Unknown command.
You sock the gnoll! You burn the gnoll.
You kill the gnoll!
The gnoll hits you but does no damage. The gnoll closely misses you.
Unknown command.
Unknown command.
You hit the gnoll. You burn the gnoll.
The gnoll is heavily wounded.
The gnoll hits you with a +0 spear!
You die...

#....... #.......
#....... #.......
#.......
############.......
######............##+##
#..............g#.....#
#..............g@.....#
#..............)#.....#
#...............#.....#
#..(............##'####
######'##....... ..
#..gS...#....... ...
#...w...#...... ....
#...gg..#...... ...#
#.......#


You could see 2 gnolls.

Vanquished Creatures
  A sleepcap (D:3)
  7 adders
  4 gnolls (D:4)
  2 ufetubi (D:4)
  A dart slug (D:2)
  A ribbon worm (D:3)
  3 orcs (D:3)
  3 bats
  3 endoplasms
  3 giant cockroaches
  9 goblins
  5 hobgoblins
  6 jackals
  5 kobolds
  3 quokkas
  5 ball pythons (D:3)
  8 frilled lizards
  4 rats
73 creatures vanquished.

Vanquished Creatures (collateral kills)
  A bat (D:1)
  A rat (D:1)
2 creatures vanquished.

Grand Total: 75 creatures vanquished

Notes
Turn   | Place    | Note
-------+----------+-------------------------------------------
     0 | D:1      | spaghetti the Naga Chaos Knight began the quest for the
                  | Orb.
     0 | D:1      | Reached XP level 1. HP: 21/21 MP: 1/1
   169 | D:1      | Reached XP level 2. HP: 28/28 MP: 2/2
   304 | D:1      | XOM: silly message
   527 | D:2      | Reached skill level 1 in Throwing
   527 | D:2      | Reached XP level 3. HP: 36/36 MP: 3/3
   764 | D:2      | XOM: god gift: buzzing mace {god gift}
   764 | D:2      | Identified the +6 mace "Cutom" {flame, rPois rF- Str+2
                  | Dex+3} (Xom gifted it to you on level 2 of the Dungeon)
   963 | D:2      | XOM: scenery: summon butterflies
   983 | D:2      | XOM: polymorph butterfly -> bat
  1100 | D:2      | Found a hazy altar of Hepliaklqana.
  1207 | D:2      | XOM: give mutations
  1207 | D:2      | Gained mutation: Your body sometimes deteriorates upon
                  | taking damage. [Xom's mischief]
  1207 | D:2      | Gained mutation: You are vulnerable to heat. (rF-) [Xom's
                  | mischief]
  1236 | D:2      | XOM: give mutation
  1236 | D:2      | Gained mutation: You occasionally shout uncontrollably at
                  | your foes. [Xom's mischief]
  1394 | D:3      | Found an ornate altar of the Wu Jian Council.
  1398 | D:3      | Reached XP level 4. HP: 44/44 MP: 4/4
  1656 | D:3      | Reached XP level 5. HP: 48/49 MP: 5/5
  1661 | D:3      | Learned a level 2 spell: Jinxbite
  1799 | D:3      | XOM: 3-stop teleportation journey
  1809 | D:3      | Found a white marble altar of Elyvilon.
  1836 | D:3      | Found a blossoming altar of Fedhas.
  2053 | D:3      | Reached skill level 1 in Hexes
  2238 | D:4      | XOM: smoke on damage
  2362 | D:4      | XOM: silly message
  2431 | D:4      | HP: 2/50 [adder (1)]
  2532 | D:4      | Slain by a gnoll

Illustrated notes

Levels and vault maps discovered:
D:1:      zaba_arrival_water, layout_basic, serial_forest,
          infiniplex_forest_lined_4_way, infiniplex_forest_lined_ring,
          infiniplex_forest_clump_tiny, infiniplex_forest_lined_4_way,
          infiniplex_forest_straight_1, minmay_misc_feat_roman
D:2:      layout_loops_ring, basic_altar, chequers_serial_rivers_micro_d
D:3:      minmay_angry_zag, layout_basic, lemuel_crystal_altar,
          mainiacjoe_overflow_alcove_4, amcnicky_altar_gilded,
          saegor_snake_ambush
D:4:      layout_gridville, minmay_large_rounded_square, grunt_ministairs_4,
          uniq_natasha

Skill      XL: |  1  2  3  4  5 |
---------------+----------------+-----
Throwing       | 1 2 3 |  3.4
Hexes          | 2 |  2.8
Fighting       | |  3.8
Polearms       | |  3.0
Armour         | |  1.5
Dodging        | |  0.7

Action                     |  1- 3 |  4- 6 || total
---------------------------+-------+-------++-------
  Melee: Spear             |    79 |       ||    79
         Mace              |     2 |    72 ||    74
  Throw: Dart              |     2 |     4 ||     6
   Cast: Jinxbite          |       |     1 ||     1
Ability: Spit Poison       |    23 |    17 ||    40
  Evoke: Wand              |       |     1 ||     1
    Use: Scroll            |     7 |     8 ||    15
         Potion            |     2 |     3 ||     5
   Stab: Invisible         |       |     1 ||     1
 Armour: Leather armour    |    43 |    99 ||   142
  Dodge: Dodged            |    28 |    52 ||    80

Table legend: (Time is in decaauts)
 A = Elapsed time spent in this place.
 B = Non-inter-level travel time spent in this place.
 C = Inter-level travel time spent in this place.
 D = Time resting spent in this place.
 E = Time spent auto-exploring this place.
 F = Levels seen in this place.
 G = Mean time per level.
                   A        B        C        D        E       F      G
               +--------+--------+--------+--------+--------+-----+--------+
         Total |   3240 |   3087 |    153 |    307 |   2213 |   4 |  810.0 |
       Dungeon |   3240 |   3087 |    153 |    307 |   2213 |   4 |  810.0 |
               +--------+--------+--------+--------+--------+-----+--------+

Top non-repeatable levels by time:
     D:2: 1101 daAuts
     D:3: 948 daAuts
     D:1: 685 daAuts
     D:4: 505 daAuts
